 Dungeon Crawl Stone Soup version 0.29.1-2-gbd0b4ee654 (webtiles) character file.

Game seed: 18074425028345911646

156 McKennaii the Trooper (level 4, -1/38 HPs)
             Began as a Demigod Fighter on Nov 8, 2022.
             Killed from afar by an orc wizard (10 damage)
             ... with a puff of flame
             ... on level 4 of the Dungeon.
             The game lasted 00:03:56 (3771 turns).

McKennaii the Trooper (Demigod Fighter)             Turns: 3771, Time: 00:03:57

Health: -1/38      AC: 12    Str: 21    XL:     4   Next: 91%
Magic:  6/6        EV:  7    Int: 10    God:
Gold:   207        SH:  5    Dex: 13    Spells: 3/3 levels left

rFire   . . .      SeeInvis .   a - +0 trident
rCold   . . .      Faith    .   c - +0 buckler
rNeg    . . .      Spirit   .   n - +0 chain mail
rPois   .          Reflect  .   t - +1 helmet
rElec   .          Harm     .   l - +0 cloak
rCorr   .          Rampage  .   (no gloves)
Will    .....                   (no boots)
Stlth   ..........              (no amulet)
HPRegen 0.12/turn               (no ring)
MPRegen 0.10/turn               (no ring)

@: no status effects
A: high MP 1, forlorn, divine attributes
a: no special abilities


You were on level 4 of the Dungeon.
You visited 1 branch of the dungeon, and saw 4 of its levels.

You collected 207 gold pieces.

Inventory:

Hand Weapons
 a - a +0 trident (weapon)
Missiles
 b - a throwing net (quivered)
Armour
 c - a +0 buckler (worn)
 l - a +0 cloak (worn)
 n - a +0 chain mail (worn)
 t - a +1 helmet (worn)
Wands
 f - a wand of flame (14)
 q - a wand of roots (7)
Scrolls
 e - 2 scrolls of poison
 g - a scroll of enchant armour
 k - 2 scrolls of teleportation
 m - a scroll of enchant weapon
 o - a scroll of brand weapon {unknown}
 p - a scroll of immolation {unknown}
Potions
 d - a potion of might
 h - a potion of haste {unknown}
 i - a potion of curing
 r - a potion of heal wounds {unknown}


   Skills:
 + Level 3.5 Fighting
 + Level 2.8 Polearms
 + Level 3.5 Armour
 + Level 3.5 Shields


You had 3 spell levels left.
You didn't know any spells.
Your spell library was empty.

Dungeon Overview and Level Annotations

Branches:
Dungeon (4/15)
 Temple: D:4-7


Innate Abilities, Weirdness & Mutations

You have an increased reservoir of magic. (+10% MP)
You shall have no god before yourself.
Your divine heritage dramatically boosts your attributes as you level up.


Message History

The orc wizard is heavily wounded.
The orc wizard casts a spell at you. The puff of flame hits you!
You hit the orc wizard.
The orc wizard is severely wounded.
The orc wizard hits you but does no damage.
You barely miss the orc wizard.
The orc wizard is severely wounded.
The orc wizard hits you but does no damage.
You barely miss the orc wizard.
The orc wizard is severely wounded.
The orc wizard hits you but does no damage.
You closely miss the orc wizard.
The orc wizard is severely wounded.
The orc wizard hits you but does no damage.
The orc wizard gestures wildly while chanting.
The orc wizard flickers and vanishes!
Deactivating autopickup; reactivate with Ctrl-A.
No target in view!
No target in view!
You barely miss something. Something hits you but does no damage.
You closely miss something. Something hits you but does no damage.
You closely miss something. Something hits you.
You closely miss something. Something hits you.
You miss something. Something hits you.
You hear some strange, mumbled words.
A magic dart appears from out of thin air!
The magic dart hits you but does no damage.
You barely miss something. Something hits you.
You barely miss something. Something hits you but does no damage.
You miss something.
You hear some strange, mumbled words.
A puff of flame appears from out of thin air!
The puff of flame hits you!
* * * LOW HITPOINT WARNING * * *
You miss something.
You hear some strange, mumbled words.
A puff of flame appears from out of thin air!
The puff of flame hits you!
You die...

### ### #
#.#####.#.#####
#......@{......
#.#####.#....#.
#.# ..# ##.#
#.# .#.# #.#
#.#.# #.# #.#.#
#.###.#.#
#.....#.#
#.....#


There were no monsters in sight!

Vanquished Creatures
  Ijyb (D:4)
  Terence (D:2)
  An orc wizard (D:4)
  2 adders (D:2)
  2 worms (D:2)
  2 dart slugs
  An orc (D:4)
  4 ball pythons
  5 endoplasms
  3 giant cockroaches
  3 goblins
  5 hobgoblins
  2 kobolds (D:2)
  2 quokkas
  5 bats
  5 frilled lizards
  10 rats
54 creatures vanquished.

Notes
Turn   | Place    | Note
-------+----------+-------------------------------------------
     0 | D:1      | McKennaii the Demigod Fighter began the quest for the Orb.
     0 | D:1      | Reached XP level 1. HP: 18/18 MP: 3/3
   595 | D:1      | Reached XP level 2. HP: 19/25 MP: 4/4
  1020 | D:2      | Reached XP level 3. HP: 26/31 MP: 5/5
  1934 | D:2      | Noticed Terence
  1943 | D:2      | Killed Terence
  2159 | D:2      | You fall into a shaft and drop 2 floors!
  2321 | D:2      | Reached XP level 4. HP: 38/38 MP: 6/6
  3233 | D:4      | Noticed Ijyb
  3263 | D:4      | Killed Ijyb
  3771 | D:4      | Killed from afar by an orc wizard

Illustrated notes

Levels and vault maps discovered:
D:1:      nicolae_arrival_memento_mori, layout_loops_ring,
          minmay_rat_gold_closets
D:2:      minmay_wonky_spiral, layout_loops_corners,
          shapermc_ecumenical_altar_totnotflames, kennysheep_pointless_box,
          uniq_terence
D:3:      layout_loops_corners
D:4:      layout_basic, nicolae_vehumet_radiance, serial_shops, shop,
          grunt_decor_junction, serial_park_tiny_1, uniq_ijyb,
          uniq_crazy_yiuf_cottage

Skill      XL: |  1  2 |
---------------+-------+-----
Polearms       | 2 |  2.8
Fighting       | 3 |  3.5
Armour         | 3 |  3.5
Shields        | 3 |  3.5

Action                   |  1- 3 |  4- 6 || total
-------------------------+-------+-------++-------
Melee: Trident           |   145 |    68 ||   213
  Use: Scroll            |       |     5 ||     5
       Potion            |       |     3 ||     3
Armor: Scale mail        |     8 |       ||     8
       Chain mail        |    47 |    35 ||    82
Dodge: Dodged            |    38 |    20 ||    58
Block: Buckler           |    24 |     5 ||    29
